 Dungeon Crawl Stone Soup version 0.27-a0-1123-g2f9bb313c0 (webtiles) character file.

Game seed: 8584290408797189576

65 Zeld the Skirmisher (level 4, 0/31 HPs)
             Began as an Octopode Fighter on May 3, 2021.
             Slain by a worm (9 damage)
             ... on level 3 of the Dungeon.
             The game lasted 00:03:39 (2109 turns).

Zeld the Skirmisher (Octopode Fighter)              Turns: 2109, Time: 00:03:39

Health: 0/31       AC:  1    Str: 16    XL:     4   Next: 13%
Magic:  4/4        EV: 11    Int: 10    God:
Gold:   81         SH:  8    Dex: 11    Spells: 3/3 levels left

rFire    . . .     SeeInvis .   a - +0 war axe
rCold    . . .     Faith    .   b - +0 kite shield
rNeg     . . .     Spirit   .   (helmet restricted)
rPois    .         Reflect  .   (no amulet)
rElec    .         Harm     .   (no ring)
rCorr    .         Rampage  .   (no ring)
Will     .....                  (no ring)
Stlth    ++........             (no ring)
HPRegen  0.10/turn              (no ring)
MPRegen  0.09/turn              (no ring)
                                (no ring)
                                (no ring)

@: no status effects
A: almost no armour, amphibious, 8 rings, camouflage 1, gelatinous body 1,
(nimble swimmer 1), tentacles
a: no special abilities


You were on level 3 of the Dungeon.
You visited 1 branch of the dungeon, and saw 3 of its levels.

You collected 81 gold pieces.

Inventory:

Hand Weapons
 a - a +0 war axe (weapon)
Missiles
 f - 9 poisoned darts (quivered)
Armour
 b - a +0 kite shield (worn)
Scrolls
 d - a scroll of immolation {unknown}
 g - a scroll of blinking {unknown}
 i - a scroll of identify {unknown}
 k - a scroll of fog {unknown}
Potions
 c - a potion of might
 e - a potion of resistance {unknown}
 h - a potion of lignification {unknown}
 j - a potion of curing {unknown}


   Skills:
 - Level 3.2 Fighting
 - Level 2.2 Axes
 * Level 3.0 Throwing
 - Level 3.0 Dodging
 - Level 3.2 Shields


You had 3 spell levels left.
You didn't know any spells.
Your spell library contained the following spells:

 Spells                   Type           Power      Damage    Failure   Level
 Animate Skeleton         Necr           0%         N/A       86%         1
 Corona                   Hex            0%         N/A       86%         1
 Pain                     Necr           0%         1d4       86%         1
 Ensorcelled Hibernation  Hex/Ice        0%         N/A       95%         2
 Confusing Touch          Hex            0%         N/A       99%         3
 Dazzling Flash           Conj/Hex       0%         N/A       99%         3
 Tukima's Dance           Hex            0%         N/A       99%         3
 Vampiric Draining        Necr           0%         2d6       99%         3
 Animate Dead             Necr           0%         N/A       100%        4
 Agony                    Necr           0%         N/A       100%        5


Dungeon Overview and Level Annotations

Branches:
Dungeon (3/15)

Altars:
Elyvilon
Gozag


Innate Abilities, Weirdness & Mutations

You cannot wear most types of armour.
You are amphibious.
You can wear up to eight rings at the same time.
Your skin changes colour to match your surroundings (Stealth+).
Your rubbery body absorbs attacks. (AC +1, EV +1)
((You are camouflaged near water. (Stealth+)))
You have tentacles for arms and can constrict up to eight enemies at once.


Message History

You feel sick.
You have reached level 4!
You feel sick. You block the worm's attack.
You slash the worm! Your grab misses the worm.
The worm is severely wounded.
You feel sick.
You are no longer poisoned.
The worm bites you!
* * * LOW HITPOINT WARNING * * *
You hit the worm. You grab the worm.
The worm is almost dead.
You constrict the worm.
You kill the worm!
You are too injured to fight recklessly!
You see here a worm corpse.
You are too injured to fight recklessly!
A giant cockroach comes into view.
The helpless giant cockroach fails to defend itself.
You hit the giant cockroach but do no damage.
You grab the giant cockroach. You constrict the giant cockroach.
The giant cockroach bites you.
* * * LOW HITPOINT WARNING * * *
The giant cockroach splashes around in the water.
You slash the giant cockroach!
You kill the giant cockroach!
Your Throwing skill increases to level 3!
A worm comes into view.
You hear the slow rusting of a drain.
A worm is nearby!
Okay, then.
You see here a worm corpse.
You start resting.
A worm is nearby!
A worm is nearby!
A worm is nearby!
A worm is nearby!
An adder comes into view.
Found a scroll labelled UPLEOQ BIAWKI.
The worm bites you!
You die...

########### #....# #
#.........# #....#.#.
#.#######<#### ....#..
#.#######.##.######### .?....
#.............##.....# #...#
#########.##.###.....# #...#
#...........@....#####...#
#####.#####..###.w...........#
......# #!.# ###.########..#
####### #..# #≈## #...... #..#
#≈# .##.#.## #..# #.# .# .# S.
##.# #†# ≈# .# # .. #≈# ≈# .#
#≈# w# .#


You could see a worm.

Vanquished Creatures
  An adder (D:3)
  A river rat (D:3)
  2 worms
  2 endoplasms (D:1)
  4 giant cockroaches
  2 hobgoblins
  7 jackals
  A kobold (D:2)
  2 quokkas (D:2)
  3 ball pythons
  5 bats
  4 frilled lizards
  2 goblins (D:1)
  4 rats
40 creatures vanquished.

Notes
Turn   | Place    | Note
-------+----------+-------------------------------------------
     0 | D:1      | Zeld the Octopode Fighter began the quest for the Orb.
     0 | D:1      | Reached XP level 1. HP: 16/16 MP: 1/1
     3 | D:1      | Noticed an electric eel
     4 | D:1      | Noticed an electric eel
   318 | D:1      | Reached XP level 2. HP: 21/21 MP: 2/2
   484 | D:1      | Reached skill level 1 in Throwing
   921 | D:2      | Reached XP level 3. HP: 23/26 MP: 3/3
  1545 | D:2      | Found a faded altar of an unknown god.
  1966 | D:3      | Found a white marble altar of Elyvilon.
  1966 | D:3      | Found an opulent altar of Gozag.
  2043 | D:3      | Reached XP level 4. HP: 17/31 MP: 4/4
  2109 | D:3      | Slain by a worm

Illustrated notes

Levels and vault maps discovered:
D:1:      arrival_aquarium_b, layout_rooms, minmay_misc_feat_more_columns,
          minmay_tromino_i4
D:2:      layout_basic, hellmonk_ecumenical_altar_dog_temple
D:3:      layout_loops_ring, fedhas_altar_3, gammafunk_temple_overflow_statue,
          gup_sewer_entry_spiral, due_unseen_surprise, uniq_jessica

Skill      XL: |  1  2  3  4 |
---------------+-------------+-----
Throwing       | 1 2 3 |  3.0
Fighting       | |  3.2
Axes           | |  2.2
Dodging        | |  3.0
Shields        | |  3.2

Action                   |  1- 3 |  4- 6 || total
-------------------------+-------+-------++-------
Melee: War axe           |    75 |     4 ||    79
       Constrict         |    12 |     2 ||    14
       Tentacles         |     9 |       ||     9
  Use: Potion            |     1 |       ||     1
 Stab: Sleeping          |     4 |     1 ||     5
Armor: Skin              |     9 |       ||     9
Dodge: Dodged            |    46 |       ||    46
Block: Kite shield       |    30 |     1 ||    31

Table legend: (Time is in decaauts)
 A = Elapsed time spent in this place.
 B = Non-inter-level travel time spent in this place.
 C = Inter-level travel time spent in this place.
 D = Time resting spent in this place.
 E = Time spent auto-exploring this place.
 F = Levels seen in this place.
 G = Mean time per level.
                   A        B        C        D        E       F      G
               +--------+--------+--------+--------+--------+-----+--------+
         Total |   2157 |   2111 |     46 |     14 |   1682 |   3 |  719.0 |
       Dungeon |   2157 |   2111 |     46 |     14 |   1682 |   3 |  719.0 |
               +--------+--------+--------+--------+--------+-----+--------+

Top non-repeatable levels by time:
     D:2: 1146 daAuts
     D:1: 814 daAuts
     D:3: 196 daAuts
